 Dungeon Crawl Stone Soup version 0.25.1-9-gc5326a611f (webtiles) character file.

Game seed: 16830026215739383218

4332 Clowwww the Cleaver (level 10, -10/82 HPs)
             Began as a Demonspawn Fighter on Jan 1, 2021.
             Was an Elder of Okawaru.
             Mangled by a cyclops (26 damage)
             ... on level 8 of the Dungeon.
             The game lasted 00:20:38 (8567 turns).

Clowwww the Cleaver (Demonspawn Fighter)            Turns: 8567, Time: 00:20:40

Health: -10/82     AC: 11    Str: 20    XL:     10   Next: 12%
Magic:  10/10      EV:  7    Int:  9    God:    Okawaru [****..]
Gold:   381        SH: 10    Dex: 13    Spells: 9/9 levels left

rFire    + . .     SeeInvis .   F - +1 broad axe (flame)
rCold    + . .     Gourm    .   c - +1 kite shield
rNeg     . . .     Faith    .   b - +1 scale mail
rPois    .         Spirit   .   n - +0 helmet
rElec    .         Reflect  .   m - scarf {rC+ rF+}
rCorr    .         Harm     .   (no gloves)
MR       .....                  (no boots)
Stlth    ++........             (no amulet)
HPRegen  0.23/turn              (no ring)
MPRegen  0.12/turn              y - ring of stealth

@: no status effects
A: rugged brown scales 3, demonic guardian 1, nightstalker 1
a: Heroism, Renounce Religion


You were on level 8 of the Dungeon.
You worshipped Okawaru.
Okawaru was greatly pleased with you.
You were hungry.

You visited 1 branch of the dungeon, and saw 8 of its levels.

You collected 446 gold pieces.
You spent 65 gold pieces at shops.

Inventory:

Hand Weapons
 F - a +1 broad axe of flaming (weapon)
Missiles
 r - a throwing net
 t - 3 boomerangs (quivered)
Armour
 b - a +1 scale mail (worn)
 c - a +1 kite shield (worn)
 m - a scarf of resistance (worn)
 n - a +0 helmet (worn)
Jewellery
 e - an uncursed ring of wizardry
 x - an uncursed amulet of guardian spirit
 y - a ring of stealth (right hand)
 z - an uncursed ring of fire
 B - an uncursed amulet of magic regeneration
Wands
 u - a wand of disintegration (20)
 D - a wand of polymorph (10)
Scrolls
 g - a scroll of remove curse
 h - 2 scrolls of immolation
 i - 3 scrolls of teleportation
 w - 5 scrolls of fog
Potions
 d - 2 potions of ambrosia
 j - a potion of berserk rage
 k - 2 potions of stabbing
 l - 2 potions of curing
 o - a potion of heal wounds
 p - a potion of flight
 q - 5 potions of lignification {unknown}
 s - a potion of degeneration {unknown}
 v - 2 potions of mutation {unknown}
 A - a potion of brilliance {unknown}
 C - a potion of haste {unknown}
Comestibles
 f - 16 rations


   Skills:
 + Level 6.5 Fighting
 * Level 12.1 Axes
 - Level 0.2 Throwing
 - Level 2.9 Armour
 - Level 1.0 Stealth
 - Level 2.9 Shields


You had 9 spell levels left.
You didn't know any spells.
Your spell library contained the following spells:

 Spells                   Type           Power        Failure   Level  Hunger
 Recall                   Summ/Tloc      N/A          100%        3    ####...
 Animate Dead             Necr           N/A          100%        4    #####..
 Borgnjor's Vile Clutch   Necr/Erth      #.........   100%        5    ######.
 Death Channel            Necr           #.........   100%        6    #######
 Simulacrum               Ice/Necr       #.........   100%        6    #######


Dungeon Overview and Level Annotations

Branches:
Dungeon (8/15)             Temple (0/1) D:7
   Lair: D:8-11

Altars:
Cheibriados
Dithmenos
Gozag
Kikubaaqudgha
Makhleb
Okawaru
Uskayaw
Vehumet
Xom
Yredelemnul

Shops:
D:4 !(:   D:5 *

Annotations:
D:6 2 transporters


Innate Abilities, Weirdness & Mutations

You are completely covered in rugged brown scales. (AC +3, +7% HP)
A weak demonic guardian rushes to your aid.
You are slightly more attuned to the shadows.


Message History

You slash the cyclops! You burn the cyclops.
The cyclops is moderately wounded.
You block the cyclops's attack.
You hit the cyclops but do no damage.
The cyclops is moderately wounded.
Your quasit bites the cyclops.
Your quasit claws the cyclops.
Your quasit claws the cyclops but does no damage.
The cyclops hits you!
* * * LOW HITPOINT WARNING * * *
You slice the cyclops!! You burn the cyclops!
The cyclops is almost dead.
Your quasit disappears in a puff of smoke!
A centaur comes into view.
The centaur shouts!
You hit the cyclops. You burn the cyclops.
The cyclops is almost dead.
The centaur wields a +0 shortbow.
The centaur shoots an arrow.
The arrow closely misses your white imp.
You block the arrow. The cyclops hits you!!
You die...

...c. ....( #$...
#....#
#....##....###
$....%[......#
?....5!......
#....C.....# ##
#..(..@)(..# ...
###..##(†### #.##
#..##).# #!.. #
#.)###
#...####..####...
..##...###.<†.....
..................
......))..#.......
...#..÷...........


You could see a cyclops, a centaur and a friendly white imp (summoned).

Vanquished Creatures
  A dancing weapon (D:6)
  The ghost of sirjames the Archer, a novice CeHu of Gozag (D:6)
  Maggie (D:7)
  A hippogriff (D:7)
  A yak (D:8)
  A water moccasin (D:8)
  A sky beast (D:7)
  A phantom (D:5)
  2 ice beasts (D:8)
  A necrophage (D:8)
  An orc warrior (D:8)
  3 centaurs
  5 ogres
  A wyvern zombie (D:8)
  A big kobold (D:8)
  2 scorpions
  A water moccasin skeleton (D:6)
  5 killer bees
  3 crimson imps
  2 orc priests (D:6)
  2 hounds
  A jelly (D:6)
  A gnoll shaman (D:8)
  A bullfrog skeleton (D:6)
  2 iguanas
  4 worker ants
  A hound zombie (D:5)
  Robin (D:2)
  4 gnolls (D:2)
  A howler monkey skeleton (D:4)
  11 adders
  A shadow imp (D:5)
  2 oozes
  2 adder skeletons
  4 dart slugs
  3 worms
  6 leopard geckos
  8 orcs
  6 bats
  10 giant cockroaches
  20 goblins
  7 hobgoblins
  3 jackals (D:1)
  3 kobolds
  4 quokkas
  3 frilled lizards
  2 giant cockroach zombies
  A leopard gecko skeleton (D:7)
  A quokka skeleton (D:7)
  8 rats
158 creatures vanquished.

Vanquished Creatures (collateral kills)
  A hungry ghost (D:6)
  A sky beast (D:7)
  A black bear (D:8)
  A phantom (D:4)
  2 ogres
  A killer bee (D:7)
  A howler monkey (D:6)
  An adder (D:5)
  A giant cockroach (D:7)
10 creatures vanquished.

Vanquished Creatures (others)
  A sky beast (D:8)
1 creature vanquished.

Grand Total: 169 creatures vanquished

Notes
Turn   | Place    | Note
-------+----------+-------------------------------------------
     0 | D:1      | Clowwww the Demonspawn Fighter began the quest for the Orb.
     0 | D:1      | Reached XP level 1. HP: 18/18 MP: 1/1
    94 | D:1      | Gained mutation: You are partially covered in rugged brown
                  | scales. (AC +1, +3% HP) [demonic ancestry]
    94 | D:1      | Reached XP level 2. HP: 18/24 MP: 2/2
   255 | D:1      | Reached skill level 2 in Axes
   727 | D:1      | Gained mutation: You are slightly more attuned to the
                  | shadows. [demonic ancestry]
   727 | D:1      | Reached XP level 3. HP: 29/29 MP: 3/3
  1532 | D:2      | Found a shadowy altar of Dithmenos.
  1532 | D:2      | Found a burning altar of Makhleb.
  1532 | D:2      | Found an ancient bone altar of Kikubaaqudgha.
  1560 | D:2      | Noticed Robin
  1571 | D:2      | Reached skill level 3 in Axes
  1575 | D:2      | Killed Robin
  1654 | D:2      | Reached XP level 4. HP: 36/36 MP: 4/4
  2149 | D:2      | Found a shimmering altar of Xom.
  2258 | D:2      | Reached skill level 4 in Axes
  2258 | D:2      | Gained mutation: You are mostly covered in rugged brown
                  | scales. (AC +2, +5% HP) [demonic ancestry]
  2258 | D:2      | Reached XP level 5. HP: 18/44 MP: 5/5
  2903 | D:3      | Found an iron altar of Okawaru.
  2927 | D:3      | Became a worshipper of Warmaster Okawaru
  3356 | D:4      | Reached skill level 5 in Axes
  3566 | D:4      | Found Vysaum's Antique Weapon Shoppe.
  3585 | D:4      | Gained mutation: A weak demonic guardian rushes to your
                  | aid. [demonic ancestry]
  3585 | D:4      | Reached XP level 6. HP: 50/50 MP: 6/6
  3621 | D:4      | Found a hide-covered altar of Uskayaw.
  3798 | D:4      | Found an opulent altar of Gozag.
  3984 | D:4      | Found Zaiggeecw's Distillery.
  3987 | D:4      | Bought a potion of heal wounds for 65 gold pieces
  4421 | D:4      | Found Nazaxa's Book Shop.
  4436 | D:4      | Reached skill level 6 in Axes
  4715 | D:5      | Entered Level 5 of the Dungeon
  4723 | D:5      | Reached * piety under Okawaru
  4723 | D:5      | Reached XP level 7. HP: 34/56 MP: 4/7
  5108 | D:5      | Reached skill level 7 in Axes
  5321 | D:5      | Found Awkat's Assorted Antiques.
  5328 | D:5      | Reached ** piety under Okawaru
  5337 | D:5      | Reached skill level 1 in Stealth
  5595 | D:5      | Found a basalt altar of Yredelemnul.
  5778 | D:5      | Reached XP level 8. HP: 64/64 MP: 8/8
  6034 | D:6      | Found a transporter.
  6040 | D:6      | Reached skill level 8 in Axes
  6627 | D:6      | Reached skill level 9 in Axes
  6710 | D:6      | Found a transporter.
  6719 | D:6      | Found a runed translucent door.
  6719 | D:6      | Found a shimmering altar of Xom.
  6719 | D:6      | Noticed a +0 mace of chaos
  6719 | D:6      | Noticed sirjames's ghost (novice CeHu)
  6735 | D:6      | Killed sirjames's ghost
  6735 | D:6      | Reached *** piety under Okawaru
  6735 | D:6      | Reached skill level 5 in Fighting
  6751 | D:6      | Killed a +0 mace of chaos
  6751 | D:6      | Reached skill level 10 in Axes
  6751 | D:6      | Gained mutation: You are completely covered in rugged brown
                  | scales. (AC +3, +7% HP) [demonic ancestry]
  6751 | D:6      | Reached XP level 9. HP: 30/72 MP: 1/9
  7289 | D:7      | Reached **** piety under Okawaru
  7426 | D:7      | Noticed Maggie
  7440 | D:7      | Killed Maggie
  7440 | D:7      | Reached skill level 11 in Axes
  7698 | D:7      | Found a staircase to the Ecumenical Temple.
  7868 | D:7      | Found a radiant altar of Vehumet.
  7868 | D:7      | Found a snail-covered altar of Cheibriados.
  7869 | D:7      | Found an iron altar of Okawaru.
  8108 | D:7      | HP: 3/73 [poisoned by a killer bee]
  8113 | D:7      | HP: 3/73 [poisoned by a killer bee]
  8118 | D:7      | HP: 2/73 [poisoned by a killer bee]
  8126 | D:7      | HP: 1/73 [poisoned by a killer bee]
  8515 | D:8      | Reached XP level 10. HP: 61/81 MP: 10/10
  8516 | D:8      | Reached skill level 12 in Axes
  8551 | D:8      | Noticed a cyclops
  8567 | D:8      | Mangled by a cyclops

Illustrated notes

Levels and vault maps discovered:
D:1:      eino_arrival_tree_alley, layout_basic
D:2:      layout_basic, marbit_many_paths,
          chequers_temple_overflow_statue_of_worship, uniq_robin
D:3:      layout_basic, first_ration, okawaru_metal_pillars_1_2
D:4:      layout_basic, nicolae_gozag_cash_rules_everything_around_me,
          eat_drink_and_be_merry_uskayaw, serial_shops, kennysheep_little_box,
          kennysheep_mini_moat, nicolae_shop_trees
D:5:      layout_basic, overflow_temple_1_default, serial_shops,
          nicolae_shop_crystal
D:6:      gammafunk_steamed_eel, layout_basic, ebering_ghost_xom, st_stairs_14
D:7:      layout_cave_pools, gammafunk_temple_overflow_forgotten,
          minmay_temple_entry_purple_smoke, uniq_maggie
D:8:      minmay_bloctagon, layout_rooms

Skill      XL: |  1  2  3  4  5  6  7  8  9 10 |
---------------+-------------------------------+-----
Axes           | 2 3 4 5 6 7 10 11 12 | 12.1
Fighting       | 4 5 6 |  6.5
Stealth        | 1 |  1.0
Throwing       | |  0.2
Armour         | |  2.9
Shields        | |  2.9

Action                   |  1- 3 |  4- 6 |  7- 9 | 10-12 || total
-------------------------+-------+-------+-------+-------++-------
Melee: War axe           |    77 |   228 |   175 |       ||   480
       Broad axe         |       |       |    79 |    19 ||    98
Throw: Boomerang         |       |     6 |    22 |     4 ||    32
Invok: Heroism           |       |       |     1 |       ||     1
Evoke: Wand              |       |       |     1 |       ||     1
  Use: Potion            |       |     1 |     5 |       ||     6
       Scroll            |       |     8 |     9 |       ||    17
 Stab: Sleeping          |       |       |     5 |       ||     5
       Distracted        |       |       |     1 |     1 ||     2
  Eat: Chunk             |     2 |    10 |    13 |       ||    25
Armor: Scale mail        |    38 |   106 |   116 |     3 ||   263
Dodge: Dodged            |    29 |    68 |    69 |     2 ||   168
Block: Kite shield       |    48 |   111 |   120 |     6 ||   285
